 Dungeon Crawl Stone Soup version 0.25.1-2-g60ff931df9 (webtiles) character file.

Game seed: 4946324088599864634

4159 krokodile the Basher (level 10, -1/88 HPs)
             Began as a Minotaur Berserker on June 15, 2020.
             Was a High Priest of Trog.
             Slain by a komodo dragon (10 damage)
             ... on level 1 of the Lair of Beasts on Sept 10, 2020.
             The game lasted 02:12:28 (7459 turns).

krokodile the Basher (Minotaur Berserker)           Turns: 7459, Time: 02:12:28

Health: -1/88      AC: 22    Str: 25    XL:     10   Next: 7%
Magic:  9/9        EV: 14    Int:  4    God:    Trog [*****.]
Gold:   317        SH:  0    Dex: 10    Spells: 9/9 levels left

rFire    . . .     SeeInvis .   I - +0 morningstar
rCold    . . .     Gourm    .   (no shield)
rNeg     . . .     Faith    .   G - +0 shadow dragon scales
rPois    .         Spirit   .   (helmet restricted)
rElec    .         Reflect  .   Q - +0 cloak
rCorr    .         Harm     .   (no gloves)
MR       .....     Rnd*Rage +   D - +0 pair of boots
Stlth    +++.......             i - amulet of regeneration
HPRegen  0.64/turn              f - +4 ring of evasion
MPRegen  0.11/turn              E - +4 ring of protection

@: berserk cooldown, slowed, very slow
A: retaliatory headbutt, horns 2, slimy green scales 1, berserk 1
a: Berserk, Trog's Hand, Brothers in Arms, Renounce Religion


You were on level 1 of the Lair of Beasts.
You worshipped Trog.
Trog was extremely pleased with you.
You were near starving.

You visited 3 branches of the dungeon, and saw 10 of its levels.

You collected 317 gold pieces.

Inventory:

Hand Weapons
 a - a +0 mace
 A - a +0 flail
 B - a +1 vorpal shortbow
 I - a +0 morningstar (weapon)
 J - a +2 vorpal war axe
 W - a +0 vampiric trident
 Y - a +0 giant club
Missiles
 s - 101 arrows
 z - 37 poisoned darts
 C - a throwing net (quivered)
 U - a boomerang of dispersal
Armour
 l - a +0 scale mail
 D - a +0 pair of boots (worn)
 G - +0 shadow dragon scales (worn)
 Q - a +0 cloak (worn)
 V - a +0 helmet
Jewellery
 f - a +4 ring of evasion (left hand)
 i - an amulet of regeneration (around neck)
 E - a +4 ring of protection (right hand)
Wands
 o - a wand of iceblast (5)
 r - a wand of paralysis (11)
 F - a wand of enslavement (8)
 L - a wand of acid (22)
 Z - a wand of random effects (13)
Scrolls
 d - 4 scrolls of enchant weapon {unknown}
 h - 4 scrolls of teleportation {unknown}
 k - a scroll of immolation {unknown}
 w - 2 scrolls of blinking {unknown}
 y - 5 scrolls of remove curse
 H - 3 scrolls of fear {unknown}
 K - a scroll of summoning {unknown}
 M - a scroll of fog {unknown}
 O - a scroll of identify
 R - 2 scrolls of brand weapon {unknown}
 S - 2 scrolls of amnesia {unknown}
Potions
 b - a potion of might {unknown}
 g - 3 potions of curing
 j - a potion of ambrosia {unknown}
 m - 2 potions of stabbing {unknown}
 n - 2 potions of berserk rage {unknown}
 p - a potion of brilliance {unknown}
 q - 2 potions of mutation
 t - 3 potions of resistance
 u - a potion of heal wounds
 x - a potion of degeneration {unknown}
 N - 2 potions of flight {unknown}
 P - a potion of haste {unknown}
Comestibles
 c - 13 rations


   Skills:
 + Level 7.9 Fighting
 + Level 12.1 Maces & Flails
 + Level 0.6 Throwing
 + Level 8.3 Armour
 + Level 4.7 Dodging
 + Level 3.9 Stealth


You had 9 spell levels left.
You didn't know any spells.
Your spell library contained the following spells:

 Spells                   Type           Power        Failure   Level  Hunger
 Magic Dart               Conj           #...         97%         1    ##.....
 Searing Ray              Conj           #.....       99%         2    ###....
 Dazzling Flash           Conj/Hex       #.....       100%        3    ####...
 Fulminant Prism          Conj/Hex       #.........   100%        4    #####..
 Iskenderun's Mystic Bla  Conj/Tloc      #.......     100%        4    #####..


Dungeon Overview and Level Annotations

Branches:
Dungeon (8/15)             Temple (1/1) D:7            Lair (1/6) D:8

Altars:
Ashenzari
Cheibriados
Dithmenos
Fedhas
Makhleb
Trog
Wu Jian
Zin
Beogh

Annotations:
D:6 3 runed translucent doors, harlaan's ghost, novice SpSu


Innate Abilities, Weirdness & Mutations

You reflexively headbutt those who attack you in melee.
You have a pair of horns on your head.
You are partially covered in slimy green scales. (AC +2)
You tend to lose your temper in combat.


Message History

The komodo dragon closely misses you. The komodo dragon misses you.
The komodo dragon barely misses you.
You hit the komodo dragon but do no damage.
You headbutt the komodo dragon, but do no damage.
The komodo dragon is almost dead.
The komodo dragon bites you but does no damage.
The komodo dragon barely misses you.
You hit the komodo dragon but do no damage.
The komodo dragon is almost dead.
The komodo dragon closely misses you. The komodo dragon bites you!
You hit the komodo dragon.
The komodo dragon is almost dead.
The komodo dragon closely misses you. The komodo dragon bites you!!
* * * LOW HITPOINT WARNING * * *
The komodo dragon bites you but does no damage.
The komodo dragon closely misses you.
You feel much better. The komodo dragon bites you!
* * * LOW HITPOINT WARNING * * *
The komodo dragon bites you!
You die...

#######
##.....##
##...P...##
#.....P...#
.##.P..PPl..#
......Pl@.P.#
.##...PPP...#
#..P......#
##.......##
##.....##
#######


You could see 2 komodo dragons.

Vanquished Creatures
  A deep elf mage (D:6)
  Grinder (D:4)
  A hippogriff (D:4)
  A human (D:7)
  4 hogs (D:7)
  Menkaure (D:6)
  A water moccasin (D:8)
  A porcupine (D:8)
  A sky beast (D:6)
  2 phantoms
  A black bear (D:6)
  4 ogres
  2 orc warriors
  An ice beast (D:8)
  A centaur (D:6)
  A big kobold (D:8)
  5 bullfrogs
  A water moccasin zombie (D:8)
  2 scorpions (D:8)
  A howler monkey (D:4)
  2 crimson imps
  A quasit (D:8)
  A bullfrog skeleton (D:7)
  An iguana (D:7)
  4 orc wizards
  5 worker ants
  A killer bee zombie (D:7)
  A hound zombie (D:6)
  A hound skeleton (D:8)
  A howler monkey zombie (D:8)
  13 adders
  4 gnolls (D:5)
  A shadow imp (D:4)
  2 oozes
  An adder zombie (D:8)
  A worm (D:2)
  2 dart slugs
  8 leopard geckos
  24 orcs
  6 bats
  2 giant cockroaches (D:3)
  4 goblins
  11 hobgoblins
  14 jackals
  4 quokkas
  3 ball pythons
  2 frilled lizards
  A jackal skeleton (D:5)
  10 kobolds
  A leopard gecko skeleton (D:4)
  9 rats
  A plant (D:6)
175 creatures vanquished.

Vanquished Creatures (others)
  3 fungi (D:8)
  9 plants (D:8)
12 creatures vanquished.

Grand Total: 187 creatures vanquished

Notes
Turn   | Place    | Note
-------+----------+-------------------------------------------
     0 | D:1      | krokodile the Minotaur Berserker began the quest for the
                  | Orb.
     0 | D:1      | Reached XP level 1. HP: 19/19 MP: 0/0
   213 | D:1      | Reached XP level 2. HP: 24/27 MP: 1/1
   413 | D:1      | Reached skill level 4 in Maces & Flails
   427 | D:1      | Reached XP level 3. HP: 25/33 MP: 2/2
   845 | D:2      | Reached ** piety under Trog
  1345 | D:2      | Reached XP level 4. HP: 41/41 MP: 3/3
  1748 | D:2      | Upgraded the game from 0.25.0-3-gd7cc5688da to
                  | 0.25.0-8-gfd19cd77bd
  2097 | D:3      | Gained mutation: You tend to lose your temper in combat.
                  | [potion of mutation]
  2097 | D:3      | Gained mutation: You are partially covered in slimy green
                  | scales. (AC +2) [potion of mutation]
  2098 | D:3      | Upgraded the game from 0.25.0-8-gfd19cd77bd to
                  | 0.25.0-9-g26727b657a
  2450 | D:4      | Reached skill level 5 in Maces & Flails
  2452 | D:4      | Reached XP level 5. HP: 47/47 MP: 4/4
  2550 | D:4      | Reached *** piety under Trog
  2640 | D:4      | Noticed Grinder
  2661 | D:4      | Reached XP level 6. HP: 52/55 MP: 5/5
  2669 | D:4      | Killed Grinder
  2669 | D:4      | Reached skill level 5 in Fighting
  2669 | D:4      | Reached skill level 6 in Maces & Flails
  2669 | D:4      | Reached skill level 1 in Stealth
  2728 | D:4      | Found a shadowy altar of Dithmenos.
  2846 | D:4      | Reached skill level 5 in Armour
  2846 | D:4      | Reached XP level 7. HP: 58/61 MP: 6/6
  3084 | D:4      | Noticed a hippogriff
  3096 | D:4      | Killed a hippogriff
  3096 | D:4      | Reached skill level 7 in Maces & Flails
  3176 | D:5      | Entered Level 5 of the Dungeon
  3893 | D:6      | Reached skill level 8 in Maces & Flails
  3893 | D:6      | Reached XP level 8. HP: 70/70 MP: 7/7
  4047 | D:6      | Noticed Menkaure
  4051 | D:6      | Killed Menkaure
  4390 | D:6      | Reached skill level 9 in Maces & Flails
  4409 | D:6      | Found a runed translucent gate.
  4410 | D:6      | Found a runed translucent gate.
  4410 | D:6      | Noticed harlaan's ghost (novice SpSu)
  4411 | D:6      | Found a runed translucent gate.
  4427 | D:6      | Found an ornate altar of the Wu Jian Council.
  4675 | D:6      | Noticed a deep elf mage
  4677 | D:6      | Noticed a smoke demon
  4680 | D:6      | Killed a deep elf mage
  4936 | D:6      | Reached skill level 10 in Maces & Flails
  4936 | D:6      | Reached XP level 9. HP: 56/78 MP: 8/8
  5164 | D:6      | Found a roughly hewn altar of Beogh.
  5296 | D:7      | Reached **** piety under Trog
  5318 | D:7      | Found a staircase to the Ecumenical Temple.
  5409 | Temple   | Entered the Ecumenical Temple
  5896 | D:7      | Reached skill level 11 in Maces & Flails
  6196 | D:7      | my test note
  6196 | D:7      | Upgraded the game from 0.25.0-9-g26727b657a to
                  | 0.25.1-2-g60ff931df9
  6757 | D:8      | Reached ***** piety under Trog
  7000 | D:8      | Reached XP level 10. HP: 88/88 MP: 9/9
  7056 | D:8      | Reached skill level 12 in Maces & Flails
  7070 | D:8      | Found a blossoming altar of Fedhas.
  7296 | D:8      | Found a staircase to the Lair.
  7440 | Lair:1   | Entered Level 1 of the Lair of Beasts
  7459 | Lair:1   | Slain by a komodo dragon

Illustrated notes

.# ## #. #.. #.## ##. ##.#
###..# #..# #.. ###...##....
#..###[. ...........# ##.....#
.........# ###.......
##.......####....##...
##........##....#####'# .#
#.....@..##...### #.. ..
#.)..###......## #.. . #..
##...### #). # # ##..## #..
##....## #.. ##### ##......###
### #...## ##.........#### ##..
# ##....##
##.............###..# #
##......###...................#


Turn 6196 on D:7: my test note

Levels and vault maps discovered:
D:1:      lightli_arrival_windingriver, layout_basic
D:2:      minmay_evil_eye, layout_basic, first_ration
D:3:      layout_loops_ring
D:4:      layout_gridville, grunt_dithmenos_shadows, uniq_grinder
D:5:      layout_loops_ring
D:6:      layout_layer_cave, biasface_ghost_orc_armoury, basic_altar,
          guppyfry_early_elven_hall, uniq_menkaure
D:7:      layout_layer_cave, minmay_temple_entry_waves, grunt_livestock
D:8:      layout_basic, grunt_lair_entry_orc_guard_hut,
          small_statue_intersection, fedhas_altar_decomposition
Temple:   regret_index_temple_chain_breaker
Lair:1:   layout_loops_ring, st_stairs_9, cheibrodos_lair_reptile_den,
          grunt_megastairs_4, serial_bayou_shore_a, uniq_urug

Skill      XL: |  1  2  3  4  5  6  7  8  9 10 |
---------------+-------------------------------+-----
Fighting       | 4 5 6 7 |  7.9
Maces & Flails | 4 5 6 8 10 11 12 | 12.1
Armour         | 3 4 5 6 8 |  8.3
Dodging        | 3 4 |  4.7
Stealth        | 1 2 3 |  3.9
Throwing       | |  0.6

Action                   |  1- 3 |  4- 6 |  7- 9 | 10-12 || total
-------------------------+-------+-------+-------+-------++-------
Melee: Mace              |    71 |    54 |       |       ||   125
       Headbutt          |    11 |    15 |    39 |     8 ||    73
       Flail             |       |    29 |    41 |       ||    70
       Morningstar       |       |       |   211 |    27 ||   238
Throw: Throwing net      |       |     1 |     1 |       ||     2
       Dart              |       |     1 |       |       ||     1
Invok: Berserk           |     4 |     5 |    11 |     1 ||    21
  Use: Potion            |     1 |     1 |       |     3 ||     5
       Scroll            |       |     6 |     2 |       ||     8
 Stab: Sleeping          |       |       |    10 |       ||    10
  Eat: Chunk             |     5 |    10 |    16 |     1 ||    32
       Ration            |       |       |     2 |       ||     2
Armor: Animal skin       |     3 |       |       |       ||     3
       Scale mail        |    12 |    39 |    11 |       ||    62
       Shadow dragon sca |       |       |   116 |    11 ||   127
Dodge: Dodged            |    51 |    65 |   158 |    26 ||   300
